 Dungeon Crawl Stone Soup version 0.28-a0-697-g47f3eba078 (webtiles) character file.

Game seed: 8727977581975439932

68479 Armakuni the Basher (level 15, -14/110 (126) HPs)
             Began as a Human Wanderer on Oct 23, 2021.
             Was a Priest of Ru.
             Demolished by Donald (22 damage)
             ... on level 2 of the Orcish Mines on Oct 24, 2021.
             The game lasted 01:27:12 (31649 turns).

Armakuni the Basher (Human Wanderer)               Turns: 31649, Time: 01:27:12

HP:   -14/110 (126) AC: 21    Str: 16    XL:     15   Next: 70%
MP:   15/15         EV: 12    Int: 18    God:    Ru [***...]
Gold: 2002          SH:  0    Dex: 22    Spells: 5/14 levels left

rFire   + . .      SeeInvis .   a - +3 dire flail (freeze)
rCold   . . .      Faith    .   (shield currently unavailable)
rNeg    + + .      Spirit   .   h - +0 chain mail of Xycriwov {rN++ Int+2 Dex+7}
rPois   +          Reflect  .   D - +0 helmet of Bamnoeri {Int+3}
rElec   .          Harm     .   E - +0 cloak {rPois}
rCorr   .          Rampage  .   (no gloves)
Will    ++...                   t - +0 pair of boots
Stlth   ..........              A - amulet of the acrobat
HPRegen 0.28/turn               W - ring of willpower
MPRegen 0.14/turn               P - +4 ring of protection

@: exhausted, heavily drained
A: no stealth, hated by all, iridescent scales 1, fire resistance 1, robust 1
a: Renounce Religion, Sacrifice Drink, Sacrifice a Hand, Sacrifice Nimbleness,
Reject Sacrifices, Draw Out Power


You were on level 2 of the Orcish Mines.
You worshipped Ru.
Ru was most pleased with you.
You visited 4 branches of the dungeon, and saw 20 of its levels.
You also visited: Sewer and Ice Cave.

You collected 2002 gold pieces.

Inventory:

Hand Weapons
 a - a +3 dire flail of freezing (weapon)
 d - the +6 halberd of the Unspeakable One {drain, Stlth+}
   (You found it on level 6 of the Lair of Beasts)

   A truly terrible weapon, it drains the life of any living foe it strikes.
   Stlth:     It makes you more stealthy.
Armour
 h - the +0 chain mail of Xycriwov (worn) {rN++ Int+2 Dex+7}
   (You found it on level 11 of the Dungeon)

   Int:       It affects your intelligence (+2).
   Dex:       It affects your dexterity (+7).
   rN:        It greatly protects you from negative energy.
 t - a +0 pair of boots (worn)
 D - the +0 helmet of Bamnoeri (worn) {Int+3}
   (You acquired it on level 2 of the Dungeon)

   Int:       It affects your intelligence (+3).
 E - a +0 cloak of poison resistance (worn)
Magical Staves
 b - a staff of air
Jewellery
 A - an amulet of the acrobat (around neck)
 P - a +4 ring of protection (right hand)
 W - a ring of willpower (left hand)
Wands
 p - a wand of polymorph (5)
 C - a wand of digging (4)
Scrolls
 c - a scroll of immolation
 e - 10 scrolls of identify
 g - 7 scrolls of noise
 o - 2 scrolls of magic mapping
 q - a scroll of torment
 r - 4 scrolls of blinking
 z - 2 scrolls of amnesia
 F - a scroll of holy word {unknown}
Potions
 i - 4 potions of lignification
 k - 2 potions of brilliance
 l - 2 potions of haste
 n - 2 potions of attraction
 s - 3 potions of flight
 u - 2 potions of magic
 w - 12 potions of curing
 G - a potion of ambrosia
Miscellaneous
 v - a tin of tremorstones (inert)
 x - a piece from Xom's chessboard (13/15)


   Skills:
 - Level 10.0 Fighting
 - Level 12.5(14.0) Maces & Flails
 - Level 1.0(6.4) Polearms
 - Level 10.2(12.8) Staves
 + Level 8.9 Armour
 + Level 8.9 Dodging
 - Level 2.2 Air Magic
 - Level 10.0 Evocations


You had 5 spell levels left.
You knew the following spells:

 Your Spells              Type           Power      Damage    Failure   Level
a - Airstrike             Air            4%         N/A       100%        4
b - Swiftness             Air            8%         N/A       97%         3
c - Poisonous Vapours     Pois/Air       8%         N/A       94%         2

Your spell library contained the following spells:

 Spells                   Type           Power      Damage    Failure   Level
 Shock                    Conj/Air       16%        1d4       86%         1
 Corpse Rot               Necr/Air       8%         N/A       94%         2
 Magic Dart               Conj           0%         1d3       95%         1
 Blink                    Tloc           N/A        N/A       98%         2
 Ensorcelled Hibernation  Hex/Ice        0%         N/A       98%         2
 Passwall                 Tmut/Erth      0%         N/A       98%         2
 Sublimation of Blood     Necr           0%         N/A       98%         2
 Mephitic Cloud           Conj/Pois/Air  2%         N/A       99%         3
 Frozen Ramparts          Ice            0%         1d2       100%        3
 Gell's Gravitas          Tloc           0%         N/A       100%        3
 Lesser Beckoning         Tloc           0%         N/A       100%        3
 Spider Form              Tmut/Pois      0%         N/A       100%        3
 Teleport Other           Tloc           0%         N/A       100%        3
 Ice Form                 Ice/Tmut       0%         N/A       100%        4
 Petrify                  Tmut/Erth      0%         N/A       100%        4
 Fireball                 Conj/Fire      0%         3d3       100%        5
 Irradiate                Conj/Tmut      0%         3d13      100%        5
 Lightning Bolt           Conj/Air       2%         1d13      100%        5
 Manifold Assault         Tloc           0%         N/A       100%        5
 Metabolic Englaciation   Hex/Ice        0%         N/A       100%        5
 Dispersal                Tloc           0%         N/A       100%        6
 Invisibility             Hex            0%         N/A       100%        6
 Starburst                Conj/Fire      0%         6d3       100%        6
 Statue Form              Tmut/Erth      0%         N/A       100%        6
 Storm Form               Tmut/Air       2%         N/A       100%        7
 Ignition                 Fire           0%         3d3       100%        8
 Call Imp                 Summ           Unusable   N/A       N/A         2
 Summon Ice Beast         Ice/Summ       Unusable   N/A       N/A         4
 Summon Lightning Spire   Summ/Air       Unusable   N/A       N/A         4

Dungeon Overview and Level Annotations

Branches:
Dungeon (11/15)            Temple (1/1) D:7            Lair (6/6) D:11
 Shoals (0/4) Lair:3        Snake (0/4) Lair:2        Slime (0/5) Lair:5
    Orc (2/2) D:9             Elf (0/3) Orc:2         Sewer (visited)
  IceCv (visited)

Altars:
Ashenzari
Cheibriados
Dithmenos
Elyvilon
Fedhas
Gozag
Hepliaklqana
Kikubaaqudgha
Makhleb
Nemelex Xobeh
Okawaru
Qazlal
Ru
Sif Muna
Trog
Uskayaw
Vehumet
Wu Jian
Xom
Yredelemnul
Zin
The Shining One
Beogh
Jiyva
Lugonu

Shops:
Orc:1 [

Portals:
Abyss: Lair:6

Annotations:
D:4 3 runed translucent doors, sn0wgr3's ghost, novice GrFi
D:7 2 runed translucent doors, bmj180's ghost, novice DrCj
Lair:5 exclusion: oklob plant
Orc:1 2 transporters, Ziowonau's ghost, journeyman MiFi
Orc:2 Donald


Innate Abilities, Weirdness & Mutations

You cannot be stealthy.
You are hated by all.
You are partially covered in iridescent scales. (AC +2)
Your flesh is heat resistant. (rF+)
You are robust. (+10% HP)


Message History

You hit Donald. You freeze Donald.
Donald is moderately wounded.
Donald hits you with a +1 scimitar of protection!
You focus your inner power and blind Donald in retribution!
You hit Donald. You freeze Donald.
Donald is heavily wounded.
Donald misses you.
You hit Donald. You freeze Donald.
Donald is heavily wounded.
Donald barely misses you.
You catch the helpless Donald completely off-guard!
You hit Donald but do no damage.
Donald is heavily wounded.
Donald hits you with a +1 scimitar of protection!
* * * LOW HITPOINT WARNING * * *
You hit Donald but do no damage.
Donald is heavily wounded.
Donald says, "I hate sacrifices."
Donald misses you.
Okay, then.
Unknown command.
You are restored by drawing out deep reserves of power within.
You feel drained. Donald barely misses you.
You thump Donald! You freeze Donald.
Donald is severely wounded.
Donald hits you with a +1 scimitar of protection!
You puncture Donald! You freeze Donald.
Donald is almost dead.
Donald is no longer blind.
Donald hits you with a +1 scimitar of protection!!
* * * LOW HITPOINT WARNING * * *
You puncture Donald! You freeze Donald.
Donald is almost dead.
Donald says, "The Vaults look kind of boring."
Donald hits you with a +1 scimitar of protection.
* * * LOW HITPOINT WARNING * * *
You hit Donald but do no damage.
Donald is almost dead.
Donald hits you with a +1 scimitar of protection!!
You die...

,,,,,,,* **,#....................
,,,,*,,** ***#...................
,,,**,,,*** #...................
**,,,,,,,,** ##...###'#'###......
**,,,,*,,,,* #...# #...# #......
**,,,*..,,** ###..# ##.## #......
**,,,,....####†...####.####......
,*,,,,,..#........##.....##.....#
,*,,,,..........@.##.....##......
,*,,,,..#.....#.@.##.....###.....
,*,,,,*#.....#...###.....##......
,*,,,,............##########.#...
,*,,,,..........†##****** ##....
,*,,,,............*,*,,,* ##...
,*,,,,.............,,,,,** ##.#
,*,,,,,........#..#,*,,,,* ###
,*,,,,<,......),...,**,,**


You could see Donald (fast, strong, misshapen, corona).

Vanquished Creatures
  Rupert (Lair:5)
  5 hydras
  An ogre mage (D:11)
  The ghost of Gwenloh the Merchant of Misery, a journeyman DsNe of Kikubaaqudgha (Lair:1)
  A boulder beetle (Lair:1)
  A centaur warrior (D:11)
  2 catoblepae
  3 two-headed ogres
  A tengu warrior (D:10)
  2 thrashing horrors (Lair:6)
  2 orc high priests (Orc:2)
  Pikel (D:4)
  5 lindwurms
  A wizard (D:11)
  2 orc knights
  A deep elf pyromancer (D:7)
  An oklob plant (Lair:6)
  2 ugly things (Lair:6)
  A deep elf zephyrmancer (D:8)
  An orc sorcerer (Orc:2)
  2 ice statues (IceCv)
  4 cyclopes
  2 black mambas (Lair:6)
  Maurice (D:8)
  2 smoke demons (Lair:6)
  A torpor snail (Lair:6)
  19 cane toads
  3 rime drakes
  10 komodo dragons
  An anaconda simulacrum (IceCv)
  2 entropy weaver simulacra (IceCv)
  An ancient zyme (Lair:6)
  3 trolls (D:11)
  8 ice devils
  A meliai (D:11)
  2 polar bears
  3 large abominations (Lair:6)
  38 blink frogs
  7 dream sheep (Lair:6)
  6 wyverns
  A ynoxinul (Lair:6)
  A yak (shapeshifter) (Lair:6)
  2 shadows
  Sigmund (D:2)
  60 yaks
  10 small abominations (Lair:6)
  A wraith (D:11)
  A dire elephant simulacrum (IceCv)
  A death yak simulacrum (IceCv)
  3 chaos spawn (Lair:6)
  5 basilisks
  A steam dragon (D:8)
  7 nagas (Lair:2)
  2 wargs
  A harpy simulacrum (IceCv)
  Duvessa (D:6)
  A floating eye (Orc:2)
  25 water moccasins
  2 sky beasts (D:8)
  2 ice beasts
  16 orc warriors
  2 black bears
  A necrophage (D:7)
  5 ogres
  17 wolves
  2 centaurs
  A phantom (D:6)
  Blork the orc (D:6)
  2 scorpions
  9 bullfrogs
  A gnoll sergeant (D:9)
  A water moccasin zombie (D:5)
  Dowan (D:6)
  3 killer bees (D:7)
  6 howler monkeys
  5 wights (D:9)
  2 vampire bats (D:5)
  3 electric eels
  A bullfrog zombie (D:5)
  A bullfrog skeleton (D:4)
  A jelly (D:4)
  7 orc priests
  A centaur zombie (D:9)
  5 hounds
  17 iguanas
  10 orc wizards
  2 spriggan simulacra (IceCv)
  A wolf simulacrum (IceCv)
  2 killer bee zombies
  A howler monkey skeleton (D:7)
  2 howler monkey zombies
  3 gnolls
  6 adders
  2 river rats (D:6)
  11 worms
  A dart slug (D:4)
  53 orcs
  20 bats
  9 endoplasms
  2 giant cockroaches
  4 goblins
  11 hobgoblins
  5 jackals
  5 quokkas
  6 ball pythons
  17 frilled lizards
  6 kobolds
  4 rats
573 creatures vanquished.

Vanquished Creatures (others)
  An ogre mage (D:11)
  A komodo dragon (Lair:3)
  A shadow (D:11)
  A yak (Lair:1)
  A harpy simulacrum (IceCv)
  An orc wizard (Orc:2)
  2 orcs (Orc:1)
  A frilled lizard (Lair:3)
  45 fungi
  59 plants
113 creatures vanquished.

Grand Total: 686 creatures vanquished

Notes
Turn   | Place    | Note
-------+----------+-------------------------------------------
     0 | D:1      | Armakuni the Human Wanderer began the quest for the Orb.
     0 | D:1      | Armakuni set off with the following items: a +0 dagger, 2
                  | throwing nets, a scroll of teleportation, a piece from
                  | Xom's chessboard (15/15), a +0 leather armour
     0 | D:1      | Reached XP level 1. HP: 16/16 MP: 1/1
   385 | D:1      | Reached XP level 2. HP: 5/23 MP: 2/2
   993 | D:1      | Reached XP level 3. HP: 24/29 MP: 3/3
  1873 | D:2      | Identified a scroll of acquirement
  1873 | D:2      | Acquired the +0 helmet of Bamnoeri {Int+3}
  1992 | D:2      | Noticed Sigmund
  2273 | D:2      | Killed Sigmund
  2274 | D:2      | Reached skill level 5 in Fighting
  2274 | D:2      | Reached XP level 4. HP: 39/39 MP: 4/4
  2274 | D:2      | Reached XP level 5. HP: 44/44 MP: 5/5
  2342 | D:2      | Found a faded altar of an unknown god.
  2452 | D:3      | Reached XP level 6. HP: 51/51 MP: 6/6
  3381 | D:4      | You fall into a shaft and drop 2 floors!
  3381 | D:6      | Noticed a wyvern
  3402 | D:7      | Identified the +4 hand axe of Hard Scrabble {protect, rN+
                  | Str-5 Int+3 SInv}
  3552 | D:6      | Found a glowing drain.
  3557 | Sewer    | Entered a sewer
  4415 | D:6      | Killed a wyvern
  4416 | D:6      | Reached skill level 5 in Dodging
  4416 | D:6      | Reached XP level 7. HP: 19/56 MP: 7/7
  4719 | D:5      | Entered Level 5 of the Dungeon
  5097 | D:4      | Reached XP level 8. HP: 43/62 MP: 8/8
  5276 | D:4      | Noticed Pikel
  5322 | D:4      | Killed Pikel
  5323 | D:4      | Reached skill level 5 in Armour
  5460 | D:4      | Noticed sn0wgr3's ghost (novice GrFi)
  5463 | D:4      | Found a runed translucent gate.
  5463 | D:4      | Found a runed translucent gate.
  5463 | D:4      | Found a runed translucent gate.
  5775 | D:4      | Reached skill level 1 in Staves
  5775 | D:4      | Reached skill level 1 in Air Magic
  5886 | D:5      | Reached XP level 9. HP: 71/72 MP: 9/9
  5988 | D:6      | Noticed Blork the orc
  6002 | D:6      | Killed Blork the orc
  6284 | D:6      | Found an iron altar of Okawaru.
  6293 | D:6      | Reached skill level 1 in Maces & Flails
  6320 | D:6      | Noticed Duvessa
  6320 | D:6      | Noticed Dowan
  6326 | D:6      | Killed Dowan
  6328 | D:6      | Killed Duvessa
  6329 | D:6      | Reached skill level 2 in Maces & Flails
  6602 | D:6      | Reached skill level 3 in Maces & Flails
  6987 | D:7      | Found a staircase to the Ecumenical Temple.
  6994 | Temple   | Entered the Ecumenical Temple
  7086 | Temple   | Became a worshipper of Ru the Awakened
  7165 | D:7      | Reached skill level 4 in Maces & Flails
  7182 | D:7      | Reached skill level 5 in Staves
  7187 | D:7      | Reached skill level 5 in Maces & Flails
  7187 | D:7      | Reached XP level 10. HP: 47/79 MP: 10/10
  7638 | D:7      | Noticed a deep elf pyromancer
  7639 | D:7      | Reached skill level 6 in Maces & Flails
  7650 | D:7      | Killed a deep elf pyromancer
  7954 | D:7      | Found a large runed translucent door.
  7955 | D:7      | Found a large runed translucent door.
  7957 | D:7      | Noticed bmj180's ghost (novice DrCj)
  8098 | D:8      | Noticed a deep elf zephyrmancer
  8102 | D:8      | Killed a deep elf zephyrmancer
  8103 | D:8      | Reached skill level 7 in Maces & Flails
  8702 | D:8      | Gained mutation: You are hated by all. [Ru sacrifice]
  8702 | D:8      | Reached * piety under Ru
  8702 | D:8      | Reached ** piety under Ru
  9135 | D:9      | Noticed Maurice
  9208 | D:8      | Killed Maurice
  9209 | D:8      | Reached skill level 8 in Maces & Flails
  9343 | D:9      | Reached XP level 11. HP: 75/84 MP: 11/11
 10448 | D:9      | Noticed a two-headed ogre
 10633 | D:9      | Found a staircase to the Orcish Mines.
 10648 | Orc:1    | Entered Level 1 of the Orcish Mines
 10748 | D:9      | Killed a two-headed ogre
 10749 | D:9      | Reached skill level 9 in Maces & Flails
 11189 | D:10     | Entered Level 10 of the Dungeon
 11321 | D:10     | Gained mutation: You are robust. (+10% HP) [potion of
                  | mutation]
 11321 | D:10     | Gained mutation: Your flesh is heat resistant. (rF+)
                  | [potion of mutation]
 11321 | D:10     | Gained mutation: You are partially covered in iridescent
                  | scales. (AC +2) [potion of mutation]
 11642 | D:10     | Reached skill level 10 in Staves
 11847 | D:10     | Noticed a catoblepas
 11869 | D:10     | Killed a catoblepas
 11870 | D:10     | Reached skill level 10 in Maces & Flails
 12569 | D:11     | Noticed a lindwurm
 12967 | D:11     | Identified the +0 chain mail of Xycriwov {rN++ Int+2 Dex+7}
 13019 | D:11     | Noticed a two-headed ogre
 13048 | D:11     | Killed a two-headed ogre
 13049 | D:11     | Reached XP level 12. HP: 103/103 MP: 12/12
 13163 | D:11     | Noticed a centaur warrior
 13197 | D:11     | Killed a centaur warrior
 13674 | D:11     | Reached skill level 10 in Fighting
 13696 | D:11     | Noticed an ogre mage
 13709 | D:11     | Killed an ogre mage
 14116 | D:11     | Identified the -2 buckler "Juoti" {Dex+6}
 14140 | D:11     | Noticed a tengu warrior
 14564 | D:10     | HP: 2/106 [tengu warrior (7)]
 14565 | D:10     | Killed a tengu warrior
 14566 | D:10     | Reached skill level 5 in Stealth
 15582 | D:11     | Noticed an ogre mage
 15904 | D:11     | Killed an ogre mage
 16314 | D:11     | Noticed a boulder beetle
 16427 | D:11     | Found a staircase to the Lair.
 16482 | Lair:1   | Entered Level 1 of the Lair of Beasts
 16525 | Lair:1   | Killed a boulder beetle
 16863 | D:11     | Noticed a four-headed hydra
 16873 | D:11     | Killed a four-headed hydra
 16874 | D:11     | Reached XP level 13. HP: 94/113 MP: 13/13
 17283 | D:11     | Reached skill level 10 in Stealth
 17292 | D:11     | Identified the +1 hat "Kotwuked" {+Blink Int+2}
 17640 | Lair:1   | Noticed Gwenloh's ghost (journeyman DsNe)
 17964 | Lair:1   | Identified the +0 leather armour of Serendipity {Contam
                  | rC+++ Int+2 Dex-2}
 18068 | Lair:1   | Learned a level 2 spell: Poisonous Vapours
 18072 | Lair:1   | Learned a level 3 spell: Swiftness
 18080 | Lair:1   | Found a runed translucent door.
 18940 | Lair:1   | Killed Gwenloh's ghost
 20621 | Lair:2   | Found a staircase to the Snake Pit.
 21122 | Lair:3   | Noticed a six-headed hydra
 21486 | Lair:3   | Reached XP level 14. HP: 88/121 MP: 14/14
 21486 | Lair:3   | Gained mutation: You cannot be stealthy. [Ru sacrifice]
 21486 | Lair:3   | Reached *** piety under Ru
 21784 | Lair:3   | Found a staircase to the Shoals.
 22095 | Lair:3   | Reached skill level 11 in Maces & Flails
 23002 | Lair:4   | Reached skill level 5 in Evocations
 24233 | Lair:5   | Found a staircase to the Slime Pits.
 24873 | Lair:5   | Reached skill level 12 in Maces & Flails
 25498 | Lair:5   | Learned a level 4 spell: Airstrike
 25543 | Lair:5   | Noticed Rupert
 25548 | Lair:5   | Killed Rupert
 25762 | Lair:6   | Entered Level 6 of the Lair of Beasts
 26262 | Lair:6   | Reached XP level 15. HP: 104/123 MP: 15/15
 26887 | Lair:6   | Reached skill level 10 in Evocations
 27067 | Lair:6   | Identified the +6 halberd of the Unspeakable One {drain,
                  | Stlth+}
 27918 | Lair:6   | Found a corrupted altar of Lugonu.
 27918 | Lair:6   | Found a one-way gate to the infinite horrors of the Abyss.
 28560 | Orc:1    | Noticed Ziowonau's ghost (journeyman MiFi)
 28563 | Orc:1    | Found a transporter.
 28681 | Orc:1    | Found Hufaucynam's Armour Boutique.
 28742 | Orc:1    | Found a transporter.
 29102 | Orc:2    | Entered Level 2 of the Orcish Mines
 29703 | Orc:2    | Found a frozen archway.
 29735 | IceCv    | Entered an ice cave
 31623 | Orc:2    | Noticed Nessos
 31624 | Orc:2    | Noticed Nessos
 31624 | Orc:2    | Nessos changed into Nessos the floating eye
 31624 | Orc:2    | Noticed Donald
 31625 | Orc:2    | Paralysed by Nessos for 3 turns
 31628 | Orc:2    | Killed Nessos the floating eye
 31649 | Orc:2    | Demolished by Donald

Illustrated notes

Levels and vault maps discovered:
D:1:      psy_arrival_statuary, layout_basic
D:2:      layout_loops_cross, shapermc_ecumenical_altar_mp_vishouse,
          supply_closet_lemuel, uniq_sigmund
D:3:      layout_loops_corners, minmay_tree_intersection,
          corexii_item_surrounded_by_moat, chequers_serial_rivers_small_a
D:4:      minmay_skewed_foursquare, layout_basic, gammafunk_ghost_split,
          uniq_pikel
D:5:      layout_gridville, roderic_batcave
D:6:      layout_loops_corners, okawaru_altar_gauntlet_db,
          lightli_sewer_entry_pipes, minivault_27, uniq_blork_the_orc,
          uniq_duvessa
D:7:      minmay_angry_zag, layout_loops_cross,
          minmay_temple_entry_purple_smoke, ebering_ghost_disaster_area
D:8:      layout_basic, guppyfry_early_elven_hall
D:9:      layout_long_grid, david_orc_4, uniq_maurice
D:10:     layout_gridville, kennysheep_minor_cross
D:11:     minmay_the_grid_triangle_9x9_recursive_2
          [minmay_the_grid_triangle_9x9_prize_schism,
          minmay_the_grid_triangle_9x9_checkered,
          minmay_the_grid_triangle_9x9_alien,
          minmay_the_grid_triangle_9x9_steps], layout_loops_ring,
          david_lair_generic, hex_medium, minmay_lindwurm_lava
Temple:   compressed_dpeg_circular_temple
Lair:1:   layout_roguey, hellmonk_ghost_happy_afterlife
Lair:2:   layout_loops_ring, minmay_snake_entry_guardpost_medium, st_stairs_10,
          serial_bayou_shore_a, grunt_megastairs_1
Lair:3:   lemuel_reptile_caves, layout_concentric_octagons,
          elwin_shoals_entry_rocks
Lair:4:   layout_hall_layers, serial_bayou_shore_b, grunt_megastairs_2,
          uniq_urug
Lair:5:   layout_regular_city, slime_altar_1, uniq_rupert
Lair:6:   hellmonk_lair_end_abyssal_woods, layout_misc_corridors
Orc:1:    layout_caves, basic_altar, serial_shops, nicolae_shop_behind_doors,
          gammafunk_ghost_arena
Orc:2:    grunt_orc_tribal_feast, layout_caves, portal_ice_cave_demonic_guard,
          lightli_church_of_beogh, uniq_nessos, uniq_donald

Skill      XL: |  1  2  3  4  5  6  7  8  9 10 11 12 13 14 15 |
---------------+----------------------------------------------+-----
Fighting       | 3 5 7 8 10 | 10.0
Dodging        | 3 5 6 8 |  8.9
Armour         | 2 4 5 6 8 |  8.9
Staves         | 1 5 8 10 | 10.2
Air Magic      | 1 2 |  2.2
Evocations     | 2 8 10 | 10.0
Maces & Flails | 5 8 10 12 | 12.5
Stealth        | 9 13 0 |  0.0
Polearms       | |  1.0

Action                   |  1- 3 |  4- 6 |  7- 9 | 10-12 | 13-15 || total
-------------------------+-------+-------+-------+-------+-------++-------
Melee: Dagger            |   107 |    38 |       |       |       ||   145
       Hand axe          |       |   136 |   244 |       |       ||   380
       Short sword       |       |       |    46 |    80 |       ||   126
       Dire flail        |       |       |       |   603 |  1521 ||  2124
Throw: Throwing net      |     2 |       |       |     4 |       ||     6
       Dart              |       |       |       |    19 |       ||    19
Invok: Sacrifice Love    |       |       |       |     1 |       ||     1
       Draw Out Power    |       |       |       |       |    15 ||    15
       Sacrifice Stealth |       |       |       |       |     1 ||     1
       Reject Sacrifices |       |       |       |       |     1 ||     1
Evoke: Piece from Xom's  |    11 |     9 |    13 |    10 |     8 ||    51
       Wand              |       |       |    19 |    39 |    56 ||   114
       Tin of tremorston |       |       |       |       |     6 ||     6
  Use: Scroll            |     4 |     2 |     5 |     8 |    10 ||    29
       Potion            |     1 |     2 |     4 |    10 |     2 ||    19
 Stab: Held in net/web   |     1 |       |       |     7 |       ||     8
       Confused          |     1 |       |       |       |       ||     1
       Sleeping          |     3 |     8 |     3 |     2 |     4 ||    20
       Paralysed         |     2 |     1 |       |       |     1 ||     4
       Invisible         |       |     4 |       |       |     2 ||     6
       Petrified         |       |     1 |       |       |     7 ||     8
       Petrifying        |       |     1 |       |       |       ||     1
       Distracted        |       |       |       |       |     8 ||     8
Armor: Leather armour    |     6 |       |       |       |       ||     6
       Ring mail         |    26 |    85 |   160 |   250 |    62 ||   583
       Skin              |       |       |       |     5 |       ||     5
       Chain mail        |       |       |       |       |   434 ||   434
Dodge: Dodged            |    65 |   104 |   215 |   311 |   585 ||  1280

Table legend: (Time is in decaauts)
 A = Elapsed time spent in this place.
 B = Non-inter-level travel time spent in this place.
 C = Inter-level travel time spent in this place.
 D = Time resting spent in this place.
 E = Time spent auto-exploring this place.
 F = Levels seen in this place.
 G = Mean time per level.
                   A        B        C        D        E       F      G
               +--------+--------+--------+--------+--------+-----+--------+
         Total |  31273 |  30303 |    970 |  10661 |  13303 |  22 | 1421.5 |
       Dungeon |  16705 |  16196 |    509 |   6610 |   6074 |  11 | 1518.6 |
        Temple |    114 |     77 |     37 |      0 |     57 |   1 |  114.0 |
          Lair |  10572 |  10183 |    389 |   2151 |   6082 |   6 | 1762.0 |
  Orcish Mines |   1680 |   1645 |     35 |    621 |    723 |   2 |  840.0 |
         Sewer |    689 |    689 |      0 |     63 |    342 |   1 |  689.0 |
      Ice Cave |   1510 |   1510 |      0 |   1216 |     23 |   1 | 1510.0 |
               +--------+--------+--------+--------+--------+-----+--------+

Top non-repeatable levels by time:
    D:11: 3659 daAuts
    D:10: 2276 daAuts
  Lair:2: 2109 daAuts
  Lair:6: 2054 daAuts
  Lair:3: 2035 daAuts
  Lair:1: 1800 daAuts
     D:9: 1796 daAuts
     D:6: 1699 daAuts
  Lair:5: 1583 daAuts
     D:1: 1553 daAuts
   IceCv: 1510 daAuts
     D:8: 1431 daAuts
     D:4: 1134 daAuts
     D:7: 1127 daAuts
  Lair:4: 989 daAuts
